[Event "*** Titled Tuesday 3|2 Blitz"]
[Site "Chess.com"]
[Date "2017.06.06"]
[Round "5"]
[White "goingin33"]
[Black "dinevmk"]
[Result "1-0"]
[WhiteElo "2190"]
[BlackElo "1999"]
[TimeControl "180+2"]
[EndTime "14:54:37 PDT"]
[Termination "goingin33 won on time"]

1. d4 d6 2. e4 Nf6 3. Nc3 g6 4.
Nf3 Bg7 5. Be2 O-O 6. O-O c6 7.
a4 a5 8. h3 Na6 9. Be3 Nb4 10.
Nd2 e5 11. dxe5 dxe5 12. Nc4 Qe7 13. Bb6 Ra6 14. Bxa5 Be6 15. Bxb4 Qxb4 16. Nxe5 Raa8 17. Nd3 Qd4 18. Nf4 Qb4 19. Nxe6 fxe6 20. Qd3 Rfd8 21. Qc4 Qxb2 22. Bd3 Nd5 23. exd5 exd5 24. Nxd5 cxd5 25. Qb5 Qxb5 26. Bxb5 Bxa1 27. Rxa1 Kf7 28. Rd1 Ke7 29. Re1+ Kd6 30. Rd1 Kc5 31. Rd3 Rac8 32. Rb3 d4 33.
Bd3 Rc7 34. Rb5+ Kd6 35. Be4 Rdd7 36. f4 Rc5 37. Rb4 Ke7 38. Kf2 Rc3 39. Bd3 Ra3 40.
Kf3 Kd8 41. g4 Ra1 42. f5 g5 43. f6 Rf7 44. Rxd4+ Kc7 45. Bf5 Rxf6 46. Rd7+ Kb6 47.
Rxh7 Rxa4 48. Rg7 Rf4+ 49. Kg3 R4xf5 50. gxf5 Rxf5 51. Kg4 Rc5 52. Rg6+ Ka7 53. Rxg5 Rxc2 54. h4 Ka6 55. h5 Rg2+ 56. Kf5 Rh2 57. Kg6 b5 58. h6 b4 59. h7 b3 60. Rg3 b2 61.
Rb3 Ka5 62. Rxb2 Rh3 63. Rg2 Kb4 64. Kg7 Kc4 65. h8=Q 1-0

[Event "*** Titled Tuesday 3|2 Blitz"]
[Site "Chess.com"]
[Date "2017.06.06"]
[Round "5"]
[White "Shivagami"]
[Black "1lec"]
[Result "0-1"]
[WhiteElo "1991"]
[BlackElo "2038"]
[TimeControl "180+2"]
[EndTime "14:54:43 PDT"]
[Termination "1lec won on time"]

1. d4 Nf6 2. Bf4 g6 3. e3 Bg7 4.
Nf3 O-O 5. Be2 d6 6. O-O c5 7. c3 b6 8. h3 Bb7 9. Nbd2 Nbd7 10. a4 a6 11. Bh2 Ra7 12. b4 Qa8 13. Qb3 Ne4 14.
Nxe4 Bxe4 15. Rfd1 Rc8 16. dxc5 bxc5 17. Ng5 Rf8 18. Bc4 Bxg2 19. Bxf7+ Kh8 20. Bd5 Bxd5 21.
Rxd5 cxb4 22. Rdd1 Bxc3 23. Rac1 Nc5 24. Qa2 Qe8 25.
a5 Rc7 26. Qd5 Qc6 27. Qc4 Qb5 28. Qa2 b3 29. Qa3 Bf6 30. Nf3 Rfc8 31. Rb1 Qb7 32. Nd4 Qe4 33. Ne2 Qe6 34. Ng3 Qf7 35. Ne2 Qe6 36. Nf4 Qe4 37. Qc1 Qf3 38. Qd2 Ne4 39. Qe2 Qxe2 40. Nxe2 Rc2 41. Nc1 Nd2 42. Nxb3 Nxb1 43.
Rxb1 Rb2 44. Rxb2 Bxb2 45. Bg3 Rc3 46. Nd4 Rc5 47. Nb3 Rb5 48. Nd2 Rxa5 49. Nc4 Ra1+ 50.
Kg2 Bg7 51. Bh4 a5 52. Bxe7 a4 53. Bxd6 Rc1 54. Na3 Rc3 55. Nb5 Rc6 56. e4 Kg8 57. e5 Kf7 58. f4 Bf8 59. Kf3 Bxd6 60. Nxd6+ Ke6 61. Nb5 Ra6 62. Na3 Rb6 63. Ke4 Rb4+ 64. Kd3 Rb3+ 0-1

[Event "*** Titled Tuesday 3|2 Blitz"]
[Site "Chess.com"]
[Date "2017.06.06"]
[Round "5"]
[White "tigra"]
[Black "GeorgMeier"]
[Result "1-0"]
[WhiteElo "2632"]
[BlackElo "2776"]
[TimeControl "180+2"]
[EndTime "14:54:48 PDT"]
[Termination "tigra won by resignation"]

1. e4 e6 2. d4 d5 3. Nc3 dxe4 4. Nxe4 Nd7 5. Nf3 Ngf6 6. Bg5 h6 7. Nxf6+ Nxf6 8.
Bh4 c5 9. Bxf6 gxf6 10. Bb5+ Bd7 11. Bxd7+ Qxd7 12. Qe2 cxd4 13. O-O-O Bc5 14. Nxd4 O-O-O 15. Nb3 Bd6 16. Rd4 Kb8 17. Rhd1 Qc7 18. g3 a6 19. R1d3 Be5 20. Rxd8+ Rxd8 21. Rxd8+ Qxd8 22. f4 Bd6 23. Qh5 Qf8 24. c4 f5 25. Qd1 Qe7 26. Qd3 Kc8 27.
Kc2 Bc7 28. Nd2 Qf6 29. a3 Qg7 30. c5 Qf8 31. b4 Qg7 32. Nc4 Qa1 33. Kb3 Qh1 34.
h4 Qg2 35. a4 Qe4 36. Qxe4 fxe4 37. b5 axb5 38. axb5 h5 39. b6 Bb8 40. Kc3 f5 41.
Kd4 Kd7 42. Na5 Kc8 43. Nc4 Kd7 44. Na5 Kc8 45. c6 bxc6 46. Nxc6 Bd6 47. Kc4 Kb7 48. Nd8+ Kxb6 49. Nxe6 Kc6 50. Nd4+ Kd7 51. Nxf5 Bc7 52. Ng7 Bb6 53. Nxh5 Ke6 54. g4 Bf2 55. Ng7+ Kf7 56. Nf5 Ke6 57. h5 Kf6 58. h6 Kg6 59. g5 Bb6 60. Ng3 Bc7 61. Ne2 Bb6 62. Kd5 e3 63.
Ke4 Kh7 64. f5 Bd8 65. Kf4 Bc7+ 66. Kg4 Bb6 67. Kh5 Ba5 68. f6 Bd8 69. g6+ Kg8 70. f7+ Kf8 71. Nf4 Ke7 72. h7 1-0

[Event "*** Titled Tuesday 3|2 Blitz"]
[Site "Chess.com"]
[Date "2017.06.06"]
[Round "5"]
[White "yosephtaher"]
[Black "TregubovP"]
[Result "1-0"]
[WhiteElo "2561"]
[BlackElo "2375"]
[TimeControl "180+2"]
[EndTime "14:54:56 PDT"]
[Termination "yosephtaher won by resignation"]

1. e4 c5 2. Nf3 e6 3. d4 cxd4 4. Nxd4 Nc6 5. Nc3 Nf6 6. a3 Be7 7. Be3 d5 8. exd5 Nxd5 9. Nxc6 bxc6 10. Bd2 O-O 11. Qf3 Rb8 12. b3 Bf6 13. O-O-O Qe7 14.
Nb1 c5 15. Bd3 Bb7 16. Qg4 Bd4 17. Rhf1 Qf6 18. Rde1 Bb2+ 19. Kd1 Rfd8 20. Bg5 Nc3+ 21. Nxc3 Qxc3 22. Bxd8 Rxd8 23. Qc4 Qf6 24. f3 Bxa3 25.
Ke2 Bd5 26. Qg4 Bb2 27. g3 Bd4 28. Qf4 Qe7 29. Be4 e5 30. Qh4 Qxh4 31. gxh4 Be6 32. Rd1 Rb8 33. Bd3 Bh3 34. Rfe1 Bc3 35. Rg1 g6 36. h5 Kg7 37. hxg6 hxg6 38. Be4 Rh8 39. Rd6 Rh6 40. Kd3 Bd4 41. Rd1 Be6 42. Rd2 Bg1 43. Bd5 Bf5+ 44. Kc4 Rh4+ 45. Be4 Be6+ 46. Kb5 Bxh2 47.
Kxc5 Bg1+ 48. Kc6 Be3 49. Re2 Bf4 50. Rd1 Rh8 51. Kb7 Rc8 52. c4 Re8 53. Kxa7 f5 54.
Bd5 Bc8 55. c5 Bg5 56. b4 Bf6 57. Bc6 Re7+ 58. Kb8 Be6 59. b5 e4 60. f4 g5 61.
Rg1 g4 62. b6 Bd4 63. Rc1 g3 64. Rg2 Bf2 65. b7 Rf7 66. Ka8 1-0

[Event "*** Titled Tuesday 3|2 Blitz"]
[Site "Chess.com"]
[Date "2017.06.06"]
[Round "5"]
[White "Colombiano07"]
[Black "Patov"]
[Result "1-0"]
[WhiteElo "2281"]
[BlackElo "2309"]
[TimeControl "180+2"]
[EndTime "14:55:07 PDT"]
[Termination "Colombiano07 won by resignation"]

1. d4 e6 2. c4 f5 3. Nf3 Nf6 4. g3 d5 5. Bg2 c6 6. O-O Bd6 7. b3 O-O 8. Ba3 Qe7 9. Qc1 Bd7 10. Ne5 Be8 11. Nd3 Nbd7 12. Bxd6 Qxd6 13. Nd2 Bh5 14. Re1 Rac8 15. Nf4 b6 16. Nf3 Bxf3 17. exf3 Rfe8 18. Qb2 dxc4 19. bxc4 c5 20. Rad1 cxd4 21. Rxd4 Qc6 22. Qd2 e5 23. Rd6 Qxc4 24. Nh5 Qf7 25. Nxf6+ Nxf6 26. Bf1 h6 27. Bb5 Re7 28.
Rd8+ Rxd8 29. Qxd8+ Kh7 30. Bc4 Qe8 31. Qd6 e4 32. Qf4 Qc8 33. Bb3 Kh8 34. h4 Qc3 35.
Rc1 Qxf3 36. Qxf3 exf3 37. Rc3 Ne4 38. Rxf3 g6 39. h5 Nd2 40. Rf4 Nxb3 41. axb3 Re4 42. Rf3 Kg7 43. hxg6 Kxg6 44. Rc3 Rb4 45. Kg2 a5 46. f4 b5 47. Kh3 a4 48. bxa4 bxa4 49. Rc6+ Kh5 50. Ra6 Rc4 51. Rf6 a3 52. Rxf5+ Kg6 53.
Ra5 Rc3 54. Kg4 Rb3 55. Ra6+ Kg7 56. Kh4 Rf3 57. Kg4 Rb3 58. Kh4 Rf3 59. Ra7+ Kg6 60. Ra6+ Kg7 61. Ra5 Kg6 62. Ra4 Rb3 63. g4 Rf3 64.
Ra6+ Kg7 65. Ra4 Rb3 66. Ra6 Rf3 67. f5 Rb3 68. Rg6+ Kh7 69. Ra6 Kg7 70. Ra5 Kf6 71. Ra6+ Kg7 72. Ra4 Kf6 73. Ra5 Rc3 74. Ra6+ Kg7 75.
Rg6+ Kh7 76. Rb6 Kg7 77. Rb7+ Kf6 78. Rh7 a2 79. Rxh6+ Kf7 80. Ra6 Rc2 81. Kg5 Rb2 82.
Ra7+ Ke8 83. Kg6 Rg2 84. g5 1-0

[Event "*** Titled Tuesday 3|2 Blitz"]
[Site "Chess.com"]
[Date "2017.06.06"]
[Round "5"]
[White "cukus"]
[Black "Paul66666"]
[Result "0-1"]
[WhiteElo "2441"]
[BlackElo "2570"]
[TimeControl "180+2"]
[EndTime "14:55:11 PDT"]
[Termination "Paul66666 won on time"]

1. e4 c5 2. Nf3 d6 3. d4 Nf6 4. Nc3 cxd4 5. Nxd4 Nc6 6. Bg5 e6 7. Qd2 a6 8. O-O-O h6 9. Nxc6 bxc6 10. Bf4 d5 11. Qe3 Bb4 12. Be2 O-O 13. e5 Nh7 14. h4 Qa5 15. Rh3 Bc5 16. Qd2 Kh8 17. Rg3 Ra7 18.
Kb1 Rb7 19. Ka1 Bb4 20. Qd3 c5 21. Qxa6 Bxc3 22. Rxc3 Qb4 23. Bc1 c4 24. Qd6 Qb5 25. g4 Rb6 26. Qe7 Rb7 27. Qd6 Rb6 28. Qa3 Ra6 29. Qe7 Kg8 30. g5 Re8 31. Qc7 hxg5 32. hxg5 Bd7 33. g6 fxg6 34. Bxc4 Rea8 35. a3 Qa4 36.
Bxa6 Rxa6 37. Rb3 Nf8 38. Rb8 Ra8 39. Rxa8 Qxa8 40. Qc5 Qa4 41. Be3 Qg4 42. Qd4 Qf3 43. Qd3 Bb5 44. Qd2 Be2 45. Re1 Bc4 46. Bc5 Nd7 47.
Bd6 g5 48. Qe3 Qf5 49. Qc3 g4 50. a4 Nb6 51. a5 Na4 52. Qb4 Qxc2 53. Be7 Kf7 54. Bd6 Kg6 55. Rb1 Bd3 56. Re1 d4 57. Qa3 Bf5 58. Bb4 d3 59. a6 d2 60. Bxd2 Qxd2 61.
Rg1 Nb6 62. a7 Na8 63. Qc3 Qxf2 64. Re1 Qxa7+ 65. Qa3 Qb7 66. Rd1 Nb6 67. Qb4 Qa6+ 68. Qa3 Qb5 69. Rc1 Nc4 0-1

[Event "*** Titled Tuesday 3|2 Blitz"]
[Site "Chess.com"]
[Date "2017.06.06"]
[Round "5"]
[White "penguingm1"]
[Black "GMNeiksans"]
[Result "1/2-1/2"]
[WhiteElo "2604"]
[BlackElo "2695"]
[TimeControl "180+2"]
[EndTime "14:56:28 PDT"]
[Termination "Game drawn - insufficient material"]

1. d4 Nf6 2. c4 e6 3. Nc3 Bb4 4.
Qc2 O-O 5. Nf3 c5 6. dxc5 Na6 7. g3 Nxc5 8. Bg2 b6 9. O-O Bb7 10. Nb5 Be4 11. Qd1 Nb7 12. Bf4 a6 13. Nd6 Bxd6 14.
Bxd6 Nxd6 15. Qxd6 Qb8 16. Qxb8 Raxb8 17. Rfd1 Rfc8 18. Ne5 Bxg2 19. Kxg2 Rc7 20. a4 Kf8 21. Rd4 Ke7 22. Rad1 Rbb7 23. e4 Ne8 24. f4 d6 25.
Nf3 Ra7 26. R1d2 Rab7 27. b3 Rc6 28. e5 dxe5 29. fxe5 Rc5 30. Rd8 a5 31. Ra8 Rd7 32. Rxd7+ Kxd7 33. Rb8 Rc6 34. Ng5 f6 35. exf6 gxf6 36.
Nxh7 Ke7 37. g4 Rd6 38. Rb7+ Rd7 39. Rxb6 Kf7 40. g5 f5 41. g6+ Ke7 42. Ng5 Ng7 43. Nf3 Kf6 44. Rb5 Rd3 45. Kf2 Nh5 46.
Ne1 Rc3 47. Ke2 Nf4+ 48. Kd2 Rh3 49. c5 Nxg6 50. c6 Rh8 51. Rxa5 Rc8 52. Ra6 Ne5 53.
Nd3 Nxc6 54. b4 Nd4 55. Nc5 Rd8 56. Kc3 Ke5 57. a5 f4 58. Nd3+ Ke4 59. Nf2+ Kf3 60.
Nd3 Ne2+ 61. Kc4 Rd4+ 62. Kc5 Rxd3 63. Rxe6 Re3 64. Rf6 Rc3+ 65. Kb6 Ke3 66. a6 f3 67. a7 Ra3 68. Kb7 Nf4 69. Rc6 f2 70. Rc1 Ke2 71.
b5 Nd3 72. Rc2+ Ke3 73. Rxf2 Kxf2 74. a8=Q Rxa8 75. Kxa8 Kf3 76. Kb7 Nc5+ 77. Kc6 Na4 78. h4 Kg4 79. Kd5 Kxh4 80. Kc4 Nb6+ 81. Kb4 Nd5+ 82. Kc5 Nc7 83. b6 Na6+ 84. Kb5 Nb8 85. b7 Kg5 86. Kb6 Kf6 87. Kc7 Na6+ 88. Kd7 Nc5+ 89.
Kd6 Nxb7+ 1/2-1/2

[Event "*** Titled Tuesday 3|2 Blitz"]
[Site "Chess.com"]
[Date "2017.06.06"]
[Round "5"]
[White "Hamisandwich"]
[Black "kleinebeer98"]
[Result "1-0"]
[WhiteElo "2451"]
[BlackElo "2447"]
[TimeControl "180+2"]
[EndTime "14:56:36 PDT"]
[Termination "Hamisandwich won on time"]

1. g3 Nf6 2. Bg2 e6 3. f4 c5 4.
Nf3 Nc6 5. O-O d5 6. d3 d4 7.
c4 Be7 8. a3 a5 9. Kh1 O-O 10.
e4 dxe3 11. Bxe3 Qb6 12. Nc3 Rd8 13. Na4 Qa7 14. Qb3 Nd4 15. Nxd4 cxd4 16. Bg1 Bd7 17.
Rfe1 Rab8 18. Qb6 Qa6 19. b3 Bxa4 20. Qxa6 bxa6 21. bxa4 Rb3 22. Bf1 Bxa3 23. Reb1 Rxb1 24. Rxb1 Bb4 25. Bg2 Ne8 26. Rc1 Bc5 27. Rb1 Nd6 28. Bf3 Kf8 29. Bf2 Ke7 30. Be1 Bb4 31. Bxb4 axb4 32.
Rxb4 a5 33. Rb6 f6 34. c5 Nf5 35. Rb7+ Kf8 36. Ra7 Rb8 37. Bb7 Ke7 38. Bd5+ Kd8 39.
Bxe6 Ne3 40. Kg1 Rb2 41. c6 Rg2+ 42. Kh1 Rc2 43. h4 Rxc6 44. f5 Rc1+ 45. Kh2 Ng4+ 46. Kg2 h5 47. Kf3 Re1 48. Rxa5 Ne5+ 49. Kg2 Nxd3 50.
Rd5+ Ke7 51. Rd7+ Kf8 52. Rd8+ Ke7 53. Rd7+ Ke8 54. Rxd4 Ne5 55. Rb4 Re2+ 56. Kf1 Rd2 57. a5 Nf3 58. Rb3 Nd4 59. Ra3 Rd1+ 60. Kf2 Rb1 61.
a6 Rb2+ 62. Kf1 Rb1+ 63. Kf2 Rb2+ 64. Ke3 Nc2+ 65. Kd3 Nxa3 66. a7 Nb5 67. a8=Q+ Ke7 68.
Qb7+ Kd6 69. Qd7+ Kc5 70. Qd5+ Kb6 71. Qd8+ Kc5 72. Qe7+ Kb6 73. Qxg7 Rg2 74. Bd5 Rg1 75. Qxf6+ Kc5 76. Qc6+ Kb4 77. Qc4+ Ka5 78. Qf4 Rd1+ 79. Ke4 Nc3+ 80. Ke5 Rxd5+ 81. Ke6 Rc5 82. Qe5 Kb4 83. Qxc5+ Kxc5 84. f6 Nb5 85. f7 Nc7+ 86. Kf5 Ne6 87.
Kxe6 1-0

[Event "*** Titled Tuesday 3|2 Blitz"]
[Site "Chess.com"]
[Date "2017.06.06"]
[Round "5"]
[White "XDPS"]
[Black "Gordima"]
[Result "1/2-1/2"]
[WhiteElo "2516"]
[BlackElo "2531"]
[TimeControl "180+2"]
[EndTime "14:57:12 PDT"]
[Termination "Game drawn by repetition"]

1. e4 c5 2. Nf3 e6 3. d4 cxd4 4.
Nxd4 a6 5. c4 Nf6 6. Nc3 Qc7 7.
Be2 b6 8. O-O Bb7 9. f3 Be7 10.
Be3 d6 11. Qd2 Nbd7 12. Rfc1 O-O 13. a4 Rfc8 14. a5 bxa5 15. Nb3 Rab8 16. Nxa5 Ba8 17.
Kh1 Ne5 18. b3 h5 19. Bg1 h4 20. f4 Ng6 21. Bf3 d5 22. e5 Ne4 23. Nxe4 dxe4 24. Bg4 Bb4 25. Qa2 Nxf4 26. Be3 Qxe5 27. c5 h3 28. Nc4 hxg2+ 29. Kg1 Qg5 30. h3 Bxc5 31. Qf2 Nxh3+ 32. Bxh3 Bxe3 33. Nxe3 f5 34. Rxc8+ Rxc8 35. Nxg2 Rc1+ 36. Rxc1 Qxc1+ 37. Kh2 Bd5 38. b4 g5 39.
Bxf5 Qc7+ 40. Kg1 Qc1+ 41. Kh2 Qc7+ 42. Kh3 exf5 43. Qxf5 Qh7+ 44. Kg4 Qxf5+ 45. Kxf5 Kf7 46. Ne3 Bb7 47. Nc4 Ke7 48. Kxg5 Ke6 49. Kf4 Kd5 50.
Na5 Bc8 51. Ke3 Bf5 52. Nb3 Kc4 53. Nc5 Kb5 54. Kd4 Bh7 55. Ke3 a5 56. Nxe4 Kxb4 57. Nf6 a4 58. Nd5+ Kb3 59. Kd2 a3 60. Nc3 Bg6 61. Ne2 Kb2 62. Nc3 Bc2 63. Na2 Bg6 64. Nc3 Bf5 65. Nd1+ Kb3 66. Nc3 Bg6 67. Ne2 Bh7 68.
Nc3 Bf5 69. Ne2 Bg6 70. Nc3 Bh5 71. Kc1 Bg6 72. Kd2 Kb2 73. Nd1+ Ka1 74. Nc3 Kb2 75.
Nd1+ Kb3 76. Nc3 Bb1 77. Kc1 Bf5 78. Kd2 Kc4 79. Na2 Bg6 80. Nc3 Bd3 81. Na2 Be4 82. Nc3 Bb1 83. Kc1 Bd3 84. Kd2 Bf5 85. Na2 Kd4 86.
Nc3 Kc4 87. Na2 Be6 88. Kc2 Bf5+ 89. Kd2 Kb3 90. Nc3 Bc2 91. Ne2 Kb2 92. Nc3 Bb3 93. Kd3 Kc1 94. Ne2+ Kb2 95. Nc3 Bf7 96. Kd2 Be6 97. Nd1+ Kb3 98. Nc3 Bc4 99. Kc1 Bd3 100. Kd2 Bc2 101. Kc1 Bh7 102. Kd2 Bg8 103. Kc1 Bh7 104.
Kd2 1/2-1/2

[Event "*** Titled Tuesday 3|2 Blitz"]
[Site "Chess.com"]
[Date "2017.06.06"]
[Round "5"]
[White "heartofatiger"]
[Black "Schemato"]
[Result "1-0"]
[WhiteElo "2377"]
[BlackElo "2289"]
[TimeControl "180+2"]
[EndTime "14:57:29 PDT"]
[Termination "heartofatiger won by resignation"]

1. d4 e6 2. Nf3 f5 3. Nc3 Nf6 4.
Bf4 d5 5. e3 c6 6. Bd3 Be7 7.
h3 Ne4 8. Ne2 Nd7 9. c3 Bf6 10.
g4 g6 11. gxf5 exf5 12. h4 Qe7 13. Qc2 b6 14. c4 Ba6 15. a3 O-O 16. Ng3 Rfe8 17. O-O-O dxc4 18. Bxc4+ Bxc4 19. Qxc4+ Qf7 20. Qc2 c5 21. Nxe4 fxe4 22. Ng5 Bxg5 23. hxg5 cxd4 24. Kb1 d3 25. Qa4 Nc5 26. Qb4 Qb3 27. f3 Rad8 28. Qxb3+ Nxb3 29. fxe4 Rxe4 30. Rh2 a5 31. Bc7 Rc8 32.
Bxb6 a4 33. Bd4 d2 34. Rhxd2 Nxd2+ 35. Rxd2 Kf7 36. Rf2+ Ke6 37. Rh2 Rc7 38. Ka2 Rb7 39. Rf2 Kd5 40. Rf8 Kc4 41. Rc8+ Kd3 42. Rc3+ Kd2 43.
Rc4 Ke2 44. Rxa4 Kf3 45. Ra5 Rf7 46. Rd5 Rf5 47. Rd7 Rxg5 48. Rxh7 Rg2 49. Rf7+ Ke2 50. a4 Re6 51. a5 g5 52. b4 Kd3+ 53. Kb3 Rg1 54. Ka4 Rb1 55. Kb5 g4 56. Rg7 Re4 57.
a6 Rb3 58. a7 Ra3 59. Kb6 Kc4 60. b5 Re6+ 61. Kb7 Kxb5 62. a8=Q Rxa8 63. Kxa8 Re4 64. Kb7 Kc4 65. Kc6 Kd3 66. Kd5 Re8 67. Rxg4 Rd8+ 68.
Kc6 Rc8+ 69. Kd7 Ra8 70. Rg5 Ke4 71. Re5+ Kd3 72. Re7 Ra6 73. Bc5 Kc4 74. Bd6 Kd5 75. Re5+ Kc4 76. e4 Kd4 77. Ke6 Rc6 78. Kd7 Ra6 79.
Re6 Ra7+ 80. Kc8 Rh7 81. e5 Kd5 82. Re8 Ra7 83. Rh8 Kc6 84. Rh1 Ra8+ 85. Bb8 Kd5 86. Rd1+ Ke6 87. Rd6+ Ke7 88. Rb6 Ra5 89. Bd6+ Ke8 90.
e6 Rd5 91. e7 Rf5 92. Rb8 Rd5 93. Kc7+ 1-0

[Event "*** Titled Tuesday 3|2 Blitz"]
[Site "Chess.com"]
[Date "2017.06.06"]
[Round "6"]
[White "bugbug01052018"]
[Black "stefanodinn"]
[Result "0-1"]
[WhiteElo "1929"]
[BlackElo "2267"]
[TimeControl "180+2"]
[EndTime "15:01:53 PDT"]
[Termination "stefanodinn won by resignation"]

1. d4 Nf6 2. c4 g6 3. Nc3 d5 4. cxd5 Nxd5 5. e4 Nxc3 6. bxc3 Bg7 7. Bc4 O-O 8. Ne2 Nc6 9. O-O b6 10. Be3 Bb7 11. Qc2 e6 12. Rfd1 Qe7 13. Bb5 a6 14.
Bxc6 Bxc6 15. c4 Rfd8 16. Rab1 Qd7 17. d5 exd5 18. Nc3 d4 19. Bxd4 Bxd4 20. Ne2 Ba4 21. Qd2 Bxd1 0-1

[Event "*** Titled Tuesday 3|2 Blitz"]
[Site "Chess.com"]
[Date "2017.06.06"]
[Round "6"]
[White "silverback96"]
[Black "goingin33"]
[Result "1-0"]
[WhiteElo "2128"]
[BlackElo "2180"]
[TimeControl "180+2"]
[EndTime "15:02:01 PDT"]
[Termination "silverback96 won by resignation"]

1. d4 Nf6 2. c4 g6 3. g3 Bg7 4.
Bg2 O-O 5. Nc3 c5 6. d5 e6 7. Nf3 exd5 8. cxd5 d6 9. O-O a6 10.
a4 Re8 11. Bf4 Ne4 12. Nxe4 Rxe4 13. Nd2 Rb4 14. b3 Bxa1 15. Qxa1 Qe7 16. Nc4 Rxc4 17. bxc4 Nd7 18. Bh6 f6 19. Rc1 Ne5 20. Rc3 Nf7 21. Re3 Qd8 22. Qxf6 1-0

[Event "*** Titled Tuesday 3|2 Blitz"]
[Site "Chess.com"]
[Date "2017.06.06"]
[Round "6"]
[White "Ind1anStar"]
[Black "cukus"]
[Result "0-1"]
[WhiteElo "2294"]
[BlackElo "2446"]
[TimeControl "180+2"]
[EndTime "15:02:08 PDT"]
[Termination "cukus won by checkmate"]

1. e4 c5 2. Nf3 Nc6 3. d4 cxd4 4.
Nxd4 Nf6 5. Nxc6 bxc6 6. Bd3 e5 7. O-O Be7 8. Nd2 O-O 9. Nf3 d5 10. Nxe5 Qc7 11. f4 Nxe4 12. Bxe4 dxe4 13. Qe2 f6 14. Qc4+ Kh8 15. Qxc6 Qxc6 16. Nxc6 Bc5+ 17. Kh1 Ba6 18.
Re1 Rac8 19. Na5 Bb4 20. Rxe4 Bxa5 21. Ra4 Rfe8 22. h3 Bb7 23. Rxa5 Re1+ 24. Kh2 Rxc2 25. Rxa7 Rxg2# 0-1

[Event "*** Titled Tuesday 3|2 Blitz"]
[Site "Chess.com"]
[Date "2017.06.06"]
[Round "6"]
[White "robbykevlishvili"]
[Black "Zufi1811"]
[Result "1-0"]
[WhiteElo "2117"]
[BlackElo "2339"]
[TimeControl "180+2"]
[EndTime "15:02:27 PDT"]
[Termination "robbykevlishvili won by resignation"]

1. e4 c5 2. Nf3 d6 3. d4 cxd4 4.
Nxd4 Nf6 5. Nc3 a6 6. Be3 e5 7.
Nb3 Ke7 8. Bg5 Be6 9. f4 h6 10. Bxf6+ Kxf6 11. f5 Bxb3 12. axb3 g6 13. Nd5+ Kg7 14.
Bc4 Ra7 15. O-O Nc6 16. fxg6 fxg6 17. Qf3 b5 18. Rxa6 Rb7 19. Rxc6 bxc4 20. bxc4 h5 21. b4 Kh7 22. b5 Bh6 23. b6 Rf8 24. Rc7+ Rxc7 25.
bxc7 Qc8 26. Qh3 Rxf1+ 27. Kxf1 Qf8+ 1-0

[Event "*** Titled Tuesday 3|2 Blitz"]
[Site "Chess.com"]
[Date "2017.06.06"]
[Round "6"]
[White "Illingworth"]
[Black "Pierrebl"]
[Result "1-0"]
[WhiteElo "2706"]
[BlackElo "2548"]
[TimeControl "180+2"]
[EndTime "15:02:33 PDT"]
[Termination "Illingworth won by resignation"]

1. d4 d5 2. c4 c6 3. Nc3 Nf6 4.
cxd5 cxd5 5. Bf4 Nc6 6. e3 Bf5 7. Nf3 e6 8. Qb3 Bb4 9. Ne5 Bxc3+ 10. bxc3 Nxe5 11. Bxe5 O-O 12. f3 Rc8 13. g4 Bg6 14. h4 Qa5 15. Rc1 h5 16. g5 Nd7 17. Bd6 Rfd8 18. Kf2 Nb6 19. Be7 Nc4 20. Bxd8 Nd2 21. Bxa5 1-0

[Event "*** Titled Tuesday 3|2 Blitz"]
[Site "Chess.com"]
[Date "2017.06.06"]
[Round "6"]
[White "GMHess"]
[Black "Alexander_Moskalenko"]
[Result "1-0"]
[WhiteElo "2633"]
[BlackElo "2683"]
[TimeControl "180+2"]
[EndTime "15:02:40 PDT"]
[Termination "GMHess won by resignation"]

1. d4 Nf6 2. c4 g6 3. Nc3 d5 4. Bg5 Bg7 5. Bxf6 Bxf6 6. cxd5 Bg7 7. Nf3 c6 8. dxc6 Nxc6 9. e3 O-O 10. Bb5 Qb6 11. O-O Rd8 12. Qe2 a6 13. Bxc6 Qxc6 14. Rac1 b5 15. e4 Qb7 16. Nd5 e6 17. Rc7 Qb8 18. Ne7+ Kf8 19. Qc2 Bd7 20. Qc5 Ke8 21. Nc6 Bf8 22. Nxb8 Bxc5 23. Nxd7 Be7 24. Nde5 Rac8 25.
Rfc1 Rxc7 26. Rxc7 f6 27. Rxe7+ 1-0

[Event "*** Titled Tuesday 3|2 Blitz"]
[Site "Chess.com"]
[Date "2017.06.06"]
[Round "6"]
[White "NTBT_DHS"]
[Black "amurdercastle"]
[Result "1-0"]
[WhiteElo "2435"]
[BlackElo "2286"]
[TimeControl "180+2"]
[EndTime "15:02:49 PDT"]
[Termination "NTBT_DHS won by resignation"]

1. d4 d5 2. c4 c6 3. Nf3 Nf6 4. e3 e6 5. b3 Nbd7 6. Bd3 b6 7. O-O Bb7 8. Bb2 Bd6 9. Nbd2 O-O 10. Ne5 c5 11. Qe2 Ne4 12. Rad1 f5 13. Ndf3 cxd4 14.
exd4 Rc8 15. Nxd7 Qxd7 16. Ne5 Bxe5 17. dxe5 Qc7 18. Bxe4 fxe4 19. Qg4 Rce8 20. Ba3 Rf5 21. Bd6 Qf7 22. cxd5 exd5 23. Rc1 Rfxe5 24. Rc7 R5e7 25. Bxe7 Rxe7 26. Rxb7 Rxb7 27. Qc8+ Qf8 1-0

[Event "*** Titled Tuesday 3|2 Blitz"]
[Site "Chess.com"]
[Date "2017.06.06"]
[Round "6"]
[White "andreimacovei2000"]
[Black "yosephtaher"]
[Result "0-1"]
[WhiteElo "2381"]
[BlackElo "2565"]
[TimeControl "180+2"]
[EndTime "15:02:52 PDT"]
[Termination "yosephtaher won by resignation"]

1. e4 c5 2. Nf3 e6 3. d4 cxd4 4.
Nxd4 a6 5. Nc3 Qc7 6. Bd3 Nf6 7. f4 d6 8. Qf3 b5 9. g4 Bb7 10. g5 Nfd7 11. Be3 b4 12. Nce2 Nc5 13. Ng3 Nbd7 14. O-O g6 15. h4 h6 16. h5 hxg5 17. hxg6 fxg6 18. Qg4 O-O-O 19. Qxg5 Bh6 20. Qg4 Nf6 21. Qf3 Nh5 22. Nxh5 gxh5 23. a3 Rdg8+ 24. Kh1 Rg4 25. axb4 Rhg8 26. Rf2 Rg3 27. Qxh5 Nxe4 28. Bxe4 Bxe4+ 29. Kh2 Qg7 0-1

[Event "*** Titled Tuesday 3|2 Blitz"]
[Site "Chess.com"]
[Date "2017.06.06"]
[Round "6"]
[White "ehrenfeld"]
[Black "Enzy63"]
[Result "1-0"]
[WhiteElo "2380"]
[BlackElo "2037"]
[TimeControl "180+2"]
[EndTime "15:03:26 PDT"]
[Termination "ehrenfeld won by resignation"]

1. e4 e5 2. Nc3 Bc5 3. Bc4 Nf6 4.
d3 a6 5. Be3 Bxe3 6. fxe3 b5 7.
Bb3 b4 8. Nce2 d5 9. Nf3 O-O 10.
Nxe5 Re8 11. Nf3 dxe4 12. dxe4 Qxd1+ 13. Rxd1 Bb7 14. e5 Ng4 15. Rd4 Nxe5 16. Nxe5 1-0

[Event "*** Titled Tuesday 3|2 Blitz"]
[Site "Chess.com"]
[Date "2017.06.06"]
[Round "6"]
[White "TamNguyen2"]
[Black "Rating-Schmating"]
[Result "1-0"]
[WhiteElo "2123"]
[BlackElo "2322"]
[TimeControl "180+2"]
[EndTime "15:04:06 PDT"]
[Termination "TamNguyen2 won by checkmate"]

1. c4 Nf6 2. Nf3 c5 3. g3 b6 4.
Bg2 Bb7 5. O-O e6 6. d4 cxd4 7.
Nxd4 Bxg2 8. Kxg2 Qc8 9. b3 a6 10. Bb2 d6 11. Nc3 Nbd7 12. Na4 Qb7+ 13. f3 Be7 14.
Qd3 O-O 15. Rac1 Rac8 16. Nc3 Rfd8 17. e4 Ne5 18. Qe2 Nc6 19. Rfd1 Nxd4 20. Rxd4 Ne8 21. Rcd1 Rc7 22. e5 Rcd7 23. Qd2 h6 24. Ba3 b5 25. exd6 Bf6 26. c5 Bxd4 27. Qxd4 Rc8 28. b4 Nf6 29. Bb2 a5 30. a3 axb4 31. axb4 Ra8 32. Ne4 Ra2 33.
Nxf6+ gxf6 34. Qxf6 e5 35. Qxe5 f6 36. Qxf6 Rf7 37.
Qh8# 1-0

[Event "*** Titled Tuesday 3|2 Blitz"]
[Site "Chess.com"]
[Date "2017.06.06"]
[Round "6"]
[White "northridgehawk"]
[Black "Shivagami"]
[Result "1-0"]
[WhiteElo "2109"]
[BlackElo "1984"]
[TimeControl "180+2"]
[EndTime "15:04:10 PDT"]
[Termination "northridgehawk won by checkmate"]

1. e4 Nc6 2. d4 e5 3. Nf3 exd4 4.
Bc4 Nf6 5. e5 d5 6. Bb5 Ne4 7.
Nxd4 Bd7 8. Bxc6 bxc6 9. O-O Be7 10. f3 Nc5 11. f4 Ne6 12. c3 Nxd4 13. cxd4 c5 14.
Nc3 c6 15. f5 cxd4 16. Ne2 c5 17. f6 gxf6 18. exf6 Bxf6 19. Nf4 Be6 20. Nxe6 fxe6 21. Qh5+ Ke7 22. Rxf6 Rf8 23. Rxf8 Qxf8 24. Bg5+ Kd6 25. Rf1 Qg7 26. Rf7 Qg8 27. Bf4+ Kc6 28. Rc7+ Kb6 29. Qe5 Rd8 30. Re7 Qg4 31. Qc7+ Kb5 32. Qb7+ Kc4 33.
Qa6+ Kb4 34. Bd2# 1-0

[Event "*** Titled Tuesday 3|2 Blitz"]
[Site "Chess.com"]
[Date "2017.06.06"]
[Round "6"]
[White "Ivan11Martic"]
[Black "TrickyTrapChess"]
[Result "0-1"]
[WhiteElo "2392"]
[BlackElo "2278"]
[TimeControl "180+2"]
[EndTime "15:04:14 PDT"]
[Termination "TrickyTrapChess won by resignation"]

1. d4 Nf6 2. Bg5 d5 3. Bxf6 gxf6 4. e3 c5 5. Nc3 Nc6 6. dxc5 e6 7. Qh5 Bxc5 8. Nf3 Bb4 9. Bd3 e5 10. Rd1 Qa5 11. O-O Bxc3 12. bxc3 e4 13. Qh4 exf3 14. Qxf6 Rg8 15. Qxf3 Be6 16. Rb1 O-O-O 17. Rb5 Qxc3 18. Rfb1 Rd7 19. h3 Ne5 20. Qf4 Nxd3 21. cxd3 Bxh3 22. e4 Rxg2+ 23. Kh1 Rg4 24. Qe3 Bg2+ 25.
Kh2 Qe5+ 26. f4 Qh5+ 27. Kg1 Bf3+ 28. Kf2 Rg2+ 0-1